Map: Orbital Shipyard

Players

MaSa

  • Race: Terran Terran

JonSnow (Nina)

  • Race: Terran Terran

lIlIlIlIlI (JonSnow)

  • Race: Zerg Zerg

Kelazhur

  • Race: Zerg Zerg

Event: Team Gravity's Fight Night #13

VOD

https://www.youtube.com/watch?v=8zqqsS00DPA&list=PL_BOlLcv8KbhFbvTakl6AYJq-DW01oMw_

Description

Time

  • Played on: April 5, 2015, 7:14 p.m.
  • Length: 11:29

All games in this series

Show
View Real Time Build Order
Export as new Build Order

MaSa Terran 

Build Orders: Command Center First (CC), MMM Bio 

Get SALT Encoding   

  12  0:00  SCV  
  13  0:12  SCV  
  14  0:24  Supply Depot  
  14  0:25  SCV  
  15  0:45  SCV  
  16  0:54  Command Center  
  16  0:58  SCV  
  17  1:11  Barracks  
  17  1:13  SCV  
  18  1:19  Refinery  
  18  1:25  SCV  
  19  1:37  SCV, Barracks  
  20  1:49  SCV  
  21  1:58  Marine  
  22  2:01  Orbital Command  
  22  2:06  Orbital Command  
  22  2:16  Marine  
  22  2:19  Barracks  
  23  2:30  Marine  
  23  2:31  Factory  
  23  2:35  Refinery  
  24  2:40  Barracks Reactor  
  24  2:42  SCV  
  25  2:48  SCV  
  26  2:53  Barracks Tech Lab  
  26  2:54  SCV  
  27  3:00  SCV  
  28  3:06  SCV  
  28  3:09  Barracks Reactor  
  28  3:10  Supply Depot  
  28  3:12  SCV, Marauder  
  32  3:18  SCV  
  33  3:21  Hellion x2  
  33  3:23  Supply Depot  
  33  3:24  SCV  
  38  3:28  Stimpack  
  38  3:32  Barracks Tech Lab  
  38  3:33  SCV  
  39  3:36  SCV  
  39  3:37  Marauder  
  42  3:43  Supply Depot  
  42  3:44  Hellion  
  42  3:45  SCV  
  42  3:48  Hellion  
  47  3:49  Marine x2  
  47  3:54  Marauder  
  52  3:55  SCV  
  52  4:02  SCV  
  51  4:08  Hellion  
  51  4:09  Hellion, Marauder, Marine  
  58  4:10  Marine  
  58  4:14  Combat Shields  
  58  4:15  Marauder  
  61  4:19  Supply Depot  
  61  4:27  Marine  
  62  4:32  Armory  
  62  4:40  Marine  
  62  4:41  Hellion x2, Marauder  
  62  4:45  Marine  
  70  4:46  Supply Depot  
  70  4:50  Refinery  
  70  4:58  SCV x2  
  70  4:59  Marine  
  70  5:01  Marauder  
  70  5:02  Marine, Marauder  
  70  5:08  Hellion x2  
  70  5:10  SCV  
  70  5:11  Supply Depot  
  70  5:13  SCV  
  76  5:17  Marine  
  76  5:18  Engineering Bay, Starport  
  77  5:22  SCV  
  77  5:28  Marine  
  77  5:32  SCV  
  77  5:33  Marauder x2  
  83  5:42  SCV  
  84  5:43  Marine  
  84  5:44  SCV  
  84  5:45  Terran Infantry Weapons Level 1  
  84  5:46  Engineering Bay  
  83  5:54  SCV  
  83  5:55  Marine x2  
  83  5:56  SCV  
  71  6:06  Barracks Reactor, SCV  
  71  6:08  Marine  
  71  6:09  SCV  
  72  6:13  Missile Turret, Marauder  
  72  6:17  Factory Reactor  
  72  6:18  SCV, Marine  
  69  6:21  Medivac  
  69  6:22  Command Center, Medivac  
  69  6:23  SCV  
  75  6:27  Missile Turret  
  75  6:30  Terran Infantry Armor Level 1  
  75  6:34  Refinery  
  75  6:35  Marine  
  75  6:36  SCV  
  77  6:42  Marine x3  
  77  6:43  SCV  
  81  6:48  SCV  
  81  6:52  Marine  
  81  6:53  Medivac  
  85  6:56  Missile Turret  
  85  6:57  Supply Depot  
  85  7:01  SCV, Missile Turret, Medivac  
  86  7:02  SCV, Marine x4  
  93  7:13  SCV  
  94  7:18  Widow Mine x2  
  94  7:19  Factory, Marauder  
  94  7:22  Marine x2  
  102  7:24  Marine  
  102  7:31  Supply Depot x2  
  102  7:39  SCV x2, Medivac  
  102  7:42  Marine  
  102  7:43  Marine  
  108  7:48  Widow Mine x2  
  108  7:50  Barracks  
  112  7:51  SCV x2  
  112  7:54  Barracks  
  112  7:55  Barracks  
  114  7:58  Marine  
  114  7:59  Marine  
  114  8:03  Orbital Command  
  114  8:06  SCV  
  114  8:09  Marine x2  
  114  8:11  SCV  
  113  8:15  Terran Infantry Weapons Level 2  
  113  8:17  Medivac  
  113  8:19  Medivac  
  101  8:20  SCV  
  100  8:29  Thor  
  100  8:33  Terran Infantry Armor Level 2  
  106  8:35  Marine x2  
  108  8:43  Refinery, Marauder  
  108  8:44  Refinery  
  108  8:48  Marine x5  
  102  8:53  Marine x2  
  107  8:56  Widow Mine  
  107  8:58  Medivac  
  107  9:00  Medivac  
  113  9:04  Marauder  
  113  9:05  Marine  
  113  9:06  Marine  
  113  9:08  Barracks Reactor x2  
  113  9:09  Barracks Tech Lab  
  117  9:11  Marine x2  
  119  9:23  Marine x2  
  121  9:25  Marine  
  121  9:27  Concussive Shells  
  121  9:29  Supply Depot x2, Marauder, Widow Mine x2, Marine x2  
  121  9:30  Supply Depot  
  128  9:32  Supply Depot  
  128  9:40  Thor  
  128  9:41  Marine x2  
  128  9:45  Marine x5  
  132  9:50  Marine  
  132  9:51  Marauder  
  136  10:00  Marine x2  
  136  10:01  Widow Mine, Marine  
  136  10:04  Marauder  
  136  10:05  Marine  
  136  10:06  Marine  
  145  10:12  Marauder  
  145  10:14  Marine  
  148  10:15  Marine  
  148  10:18  Medivac  
  151  10:25  Marauder  
  151  10:27  Marine x2  
  155  10:28  Marine x2  
  155  10:29  Marine  
  155  10:30  Marine  
  155  10:33  Marauder  
  160  10:37  Marine x2  
  159  10:46  Marauder, Marine x5  
  140  10:51  Marine  
  140  10:55  Marine, Marauder  
  133  11:10  Marine x3  
  140  11:21  Command Center  
Show
View Real Time Build Order
Export as new Build Order

JonSnow Terran 

Build Orders:  

Get SALT Encoding   

  12  0:01  Drone  
  13  0:12  Overlord  
  13  0:29  Drone  
  13  0:30  Drone x2  
  16  0:40  Drone  
  17  0:57  Hatchery  
  17  0:58  Drone  
  17  1:07  Drone, Extractor  
  17  1:14  Spawning Pool  
  17  1:18  Drone  
  17  1:26  Overlord  
  17  1:37  Drone  
  18  2:00  Queen  
  20  2:02  Zergling x2  
  20  2:05  Drone  
  20  2:06  Drone  
  23  2:08  Queen  
  23  2:09  Drone  
  23  2:11  Metabolic Boost  
  26  2:17  Drone  
  26  2:19  Drone  
  28  2:28  Drone  
  29  2:30  Drone  
  30  2:43  Overlord x2  
  30  2:49  Overlord  
  29  2:59  Overlord  
  29  3:01  Queen  
  31  3:06  Drone x2  
  31  3:10  Drone x4  
  37  3:15  Drone x2  
  39  3:20  Zergling x8  
  43  3:27  Overlord  
  43  3:36  Drone x2  
  43  3:39  Overlord  
  45  3:42  Lair  
  45  3:44  Drone  
  45  3:45  Drone x3  
  45  3:48  Extractor x2  
  48  3:51  Overlord  
  48  3:52  Drone x3, Extractor  
  48  4:12  Drone  
  48  4:13  Drone x3  
  52  4:20  Drone x3  
  55  4:24  Baneling Nest  
  55  4:30  Zergling x8  
  55  4:31  Zergling x4  
  58  4:33  Queen  
  58  4:35  Zergling x2  
  61  4:41  Spine Crawler  
  59  4:47  Zergling x2  
  59  4:48  Spire, Zergling x10  
  59  4:51  Overlord  
  64  4:59  Overlord  
  62  5:00  Drone x2  
  62  5:10  Drone x2  
  64  5:17  Hatchery, Baneling  
  64  5:18  Baneling  
  63  5:24  Zergling x4  
  63  5:25  Zergling x2  
  65  5:33  Zergling x8  
  65  5:34  Zergling x10  
  74  5:41  Zergling x2  
  74  5:44  Baneling x2  
  74  5:45  Baneling x4  
  74  5:47  Zergling x2  
  74  5:52  Zergling x2  
  65  5:57  Zergling x10  
  65  6:03  Zergling x6  
  65  6:04  Zergling x2  
  63  6:09  Mutalisk  
  63  6:10  Queen  
  63  6:16  Mutalisk x2  
  63  6:17  Baneling x2  
  65  6:22  Overseer  
  65  6:25  Mutalisk x4  
  69  6:29  Mutalisk  
  75  6:33  Mutalisk  
  75  6:37  Drone x2  
  79  6:41  Drone x2  
  81  6:50  Centrifical Hooks  
  81  6:52  Zergling x6  
  83  6:57  Queen  
  83  6:59  Drone  
  86  7:03  Overlord  
  86  7:06  Zergling x8  
  86  7:07  Baneling x2  
  86  7:08  Baneling  
  90  7:09  Baneling  
  90  7:15  Evolution Chamber  
  89  7:17  Zergling x6  
  92  7:23  Zerg Flyer Weapons Level 1  
  92  7:30  Evolution Chamber, Baneling x4  
  92  7:31  Baneling  
  91  7:39  Mutalisk x2  
  95  7:46  Zergling x18  
  104  7:53  Baneling x2  
  104  7:54  Zergling x4  
  104  7:56  Zerg Melee Weapons Level 1  
  106  8:03  Zergling x2  
  106  8:04  Zergling x2  
  95  8:14  Zergling x2  
  95  8:15  Zergling x4  
  95  8:17  Zergling x20  
  95  8:19  Baneling x2  
  104  8:20  Baneling x2  
  104  8:25  Pneumatized Carapace  
  104  8:27  Overlord  
  103  8:36  Overlord x2, Zerg Ground Armor Level 1  
  98  8:52  Overlord x3  
  98  8:55  Drone  
  98  8:56  Drone x5  
  104  9:04  Drone x5  
  104  9:06  Extractor  
  104  9:07  Extractor  
  107  9:15  Mutalisk x2  
  107  9:16  Infestation Pit  
  103  9:32  Drone x4  
  103  9:33  Drone  
  103  9:37  Mutalisk x4  
  113  9:40  Overseer  
  107  10:01  Hive  
  107  10:06  Zergling x16  
  107  10:07  Zergling x4  
  117  10:15  Overseer  
  117  10:16  Zergling x4  
  117  10:17  Zergling x8  
  122  10:22  Baneling x6  
  122  10:23  Baneling  
  122  10:25  Zergling x2  
  122  10:26  Zergling x2  
  123  10:32  Zergling x6  
  123  10:33  Zergling x2  
  122  10:42  Queen  
  107  10:48  Zergling x2  
  107  10:49  Zergling x10  
  96  10:57  Overseer  
  84  11:00  Mutalisk x3  
  82  11:08  Zergling x8  
Show
View Real Time Build Order
Export as new Build Order

lIlIlIlIlI Zerg 

Build Orders:  

Get SALT Encoding   

Show
View Real Time Build Order
Export as new Build Order

Kelazhur Zerg 

Build Orders:  

Get SALT Encoding   


Tags
 
Add a new tag
Caveats
  • Supply blocks, unpowered buildings, or Contaminate may cause inaccurate times.
  • Supply counts are checked every 10 seconds.